 Dungeon Crawl Stone Soup version 0.18.1-50-g88ac8fd (webtiles) character file.

2210 magog001 the Protected (level 9, -5/75 HPs)
             Began as a Minotaur Fighter on Apr 9, 2017.
             Was a Believer of Nemelex Xobeh.
             Slain by a cyan ugly thing (14 damage)
             ... on level 7 of the Dungeon.
             The game lasted 00:35:58 (5850 turns).

magog001 the Protected (Minotaur Fighter)           Turns: 5850, Time: 00:36:02

Health: -5/75      AC: 16    Str: 24    XL:     9   Next: 13%
Magic:  9/9        EV:  9    Int:  9    God:    Nemelex Xobeh [**....]
Gold:   383        SH: 11    Dex: 10    Spells: 0 memorised, 8 levels left

rFire  . . .     SeeInvis .     i - +0 dagger (venom)
rCold  . . .     Gourm    .     v - +0 chain mail
rNeg   . . .     Faith    .     c - +0 shield
rPois  .         Spirit   .     (helmet restricted)
rElec  .         Dismiss  .     B - +0 cloak
rCorr  .         Reflect  .     k - +0 pair of gloves
SustAt .         Harm     .     b - +1 pair of boots of Fedhas's Whim {Int+4}
MR     .....                    s - amulet of regeneration
Stlth  ..........               (no ring)
                                (no ring)

@: not resistant to hostile enchantments, extremely unstealthy
A: retaliatory headbutt, horns 2
a: Renounce Religion


You were on level 7 of the Dungeon.
You worshipped Nemelex Xobeh.
Nemelex Xobeh was pleased with you.
You were not hungry.

You visited 1 branch of the dungeon, and saw 7 of its levels.

You collected 383 gold pieces.

Inventory:

Hand Weapons
 a - a +0 war axe
 i - a +0 dagger of venom (weapon)
 u - a +0 hunting sling
 D - a +1 rapier of protection
 G - a +0 scimitar of flaming
Missiles
 j - 59 sling bullets
 r - 8 tomahawks (quivered)
 y - 15 poisoned needles
Armour
 b - the +1 pair of boots of Fedhas's Whim (worn) {Int+4}
   (You acquired it on level 6 of the Dungeon)

   It affects your intelligence (+4).
 c - a +0 shield (worn)
 k - a +0 pair of gloves (worn)
 v - a +0 chain mail (worn)
 B - a +0 cloak (worn)
 J - a mottled dragon hide
Jewellery
 g - an uncursed ring of resist corrosion {unknown}
 s - an amulet of regeneration (around neck)
Wands
 A - a wand of digging (8/24)
Scrolls
 l - a scroll of teleportation
 n - 3 scrolls of blinking
 q - a scroll of identify
 x - a scroll of magic mapping
 z - a scroll of silence {unknown}
Potions
 d - 2 potions of might
 e - a potion of brilliance
 h - a potion of heal wounds
 o - 2 potions of agility
 t - a potion of curing
 w - a potion of magic
 C - a potion of cure mutation
 K - a potion of flight {unknown}
Miscellaneous
 m - a plain deck of war {drawn: 1}
 p - a plain deck of destruction {drawn: 4}
 F - a plain deck of war
Comestibles
 f - 8 bread rations
 E - 2 meat rations
 I - a beef jerky


   Skills:
 + Level 6.1 Fighting
 + Level 3.1 Short Blades
 + Level 2.6 Axes
 + Level 1.1 Throwing
 + Level 8.5 Armour
 + Level 5.2 Dodging
 + Level 1.6 Stealth
 + Level 8.5 Shields
 + Level 1.4 Evocations


You had 8 spell levels left.
You didn't know any spells.

Dungeon Overview and Level Annotations

Branches:
Dungeon (7/15)
 Temple: D:4-7

Altars:
Kikubaaqudgha
Nemelex Xobeh
Okawaru
Pakellas
Ru
The Shining One


Innate Abilities, Weirdness & Mutations

You reflexively headbutt those who attack you in melee.
You have a pair of horns on your head.


Message History

The cyan ugly thing is moderately wounded.
The cyan ugly thing gores you but does no damage.
You hit the cyan ugly thing but do no damage.
The cyan ugly thing is moderately wounded.
The cyan ugly thing gores you but does no damage.
You hit the cyan ugly thing. You headbutt the cyan ugly thing.
The cyan ugly thing is heavily wounded.
You block the cyan ugly thing's attack.
You closely miss the cyan ugly thing.
The cyan ugly thing is heavily wounded.
The cyan ugly thing gores you. The cyan ugly thing shocks you!
* * * LOW HITPOINT WARNING * * *
You hit the cyan ugly thing but do no damage.
You headbutt the cyan ugly thing, but do no damage.
The cyan ugly thing is heavily wounded.
The cyan ugly thing gores you!
* * * LOW HITPOINT WARNING * * *
The cyan ugly thing shocks you!
You die...
Your body disappears without a glow.

.#.>............ ......
............... ......
............### ......
#........## .>...##
##........##
.....###..........#
#...............#
...###....#..........#
......u@.............###
.........#.......:......
..)...<.................
.........#..............
........................
.......#..##............
.......#..##.....>......
.......#..######...#....
..#......


You could see a cyan ugly thing.

Vanquished Creatures
  The ghost of magog001 the Shield-Bearer, a novice HOFi of Nemelex Xobeh (D:5)
  An efreet (D:6)
  A spriggan (D:3)
  A steam dragon (D:5)
  A hungry ghost (D:7)
  A mottled dragon (D:6)
  Edmund (D:4)
  A sky beast (D:6)
  An ogre (D:5)
  A centaur zombie (D:5)
  3 hounds
  A centaur skeleton (D:4)
  Natasha (thrice) (D:2)
  A giant frog skeleton (D:5)
  An iguana (D:4)
  6 orc wizards
  4 worker ants
  A hound skeleton (D:4)
  4 gnolls (D:4)
  8 adders
  2 shadow imps
  2 oozes (D:2)
  An adder skeleton (D:4)
  6 worms
  A dart slug (D:2)
  A giant gecko (D:2)
  16 orcs
  3 giant cockroaches
  9 goblins
  6 hobgoblins
  8 jackals
  3 kobolds
  3 quokkas
  2 ball pythons
  6 bats
  A giant gecko zombie (D:6)
  A giant newt (D:3)
  5 rats
118 creatures vanquished.

Vanquished Creatures (collateral kills)
  A gnoll (D:6)
1 creature vanquished.

Vanquished Creatures (others)
  A hippogriff (D:2)
1 creature vanquished.

Grand Total: 120 creatures vanquished

Notes
Turn   | Place    | Note
--------------------------------------------------------------
     0 | D:1      | magog001 the Minotaur Fighter began the quest for the Orb.
     0 | D:1      | Reached XP level 1. HP: 19/19 MP: 0/0
   328 | D:1      | Reached XP level 2. HP: 26/27 MP: 1/1
   873 | D:1      | Reached XP level 3. HP: 33/33 MP: 2/2
   971 | D:2      | Found a sacrificial altar of Ru.
  1184 | D:2      | Found a sparkling altar of Nemelex Xobeh.
  1193 | D:2      | Became a worshipper of Nemelex Xobeh the Trickster
  1211 | D:2      | Noticed Natasha
  1224 | D:2      | Killed Natasha
  1373 | D:2      | Noticed Natasha
  1381 | D:2      | Killed Natasha
  1381 | D:2      | Reached skill level 1 in Dodging
  1381 | D:2      | Reached XP level 4. HP: 24/41 MP: 3/3
  1536 | D:2      | Noticed Natasha
  1542 | D:2      | Killed Natasha
  1656 | D:2      | Found an oddly glowing altar of Pakellas.
  1656 | D:2      | Noticed an orange crystal statue
  1657 | D:2      | Noticed a hippogriff
  1678 | D:2      | Killed a hippogriff
  2027 | D:2      | Received a gift from Nemelex Xobeh
  2191 | D:2      | Reached XP level 5. HP: 47/47 MP: 4/4
  2283 | D:3      | Reached skill level 5 in Armour
  2285 | D:3      | Noticed a spriggan
  2285 | D:3      | an orc changed into a spriggan
  2299 | D:3      | Killed a spriggan
  2299 | D:3      | Reached skill level 1 in Stealth
  2299 | D:3      | Reached skill level 5 in Shields
  2299 | D:3      | Reached XP level 6. HP: 45/55 MP: 5/5
  2495 | D:3      | Reached skill level 1 in Short Blades
  2797 | D:3      | Reached skill level 5 in Fighting
  2851 | D:3      | Found an ancient bone altar of Kikubaaqudgha.
  2939 | D:4      | Noticed Edmund
  2956 | D:4      | Killed Edmund
  2956 | D:4      | Reached XP level 7. HP: 55/61 MP: 6/6
  2970 | D:4      | Received a gift from Nemelex Xobeh
  3048 | D:4      | Reached * piety under Nemelex Xobeh
  3222 | D:4      | Noticed Crazy Yiuf
  3226 | D:4      | Noticed Crazy Yiuf
  3226 | D:4      | Crazy Yiuf changed into Crazy Yiuf the iguana
  3231 | D:4      | Killed Crazy Yiuf the iguana
  3570 | D:4      | Found an iron altar of Okawaru.
  3698 | D:5      | Entered Level 5 of the Dungeon
  4289 | D:5      | Noticed Eustachio
  4313 | D:5      | Noticed Eustachio
  4313 | D:5      | Eustachio changed into Eustachio the steam dragon
  4313 | D:5      | Noticed a neqoxec
  4313 | D:5      | a crimson imp changed into a neqoxec
  4339 | D:5      | Killed Eustachio the steam dragon
  4339 | D:5      | Reached skill level 1 in Throwing
  4339 | D:5      | Reached XP level 8. HP: 34/69 MP: 7/7
  4580 | D:5      | Noticed magog001's ghost (novice HOFi)
  4612 | D:5      | Killed magog001's ghost
  5096 | D:6      | Received a gift from Nemelex Xobeh
  5129 | D:6      | Found a glowing golden altar of the Shining One.
  5144 | D:6      | Reached ** piety under Nemelex Xobeh
  5341 | D:6      | Noticed an efreet
  5343 | D:6      | Killed an efreet
  5343 | D:6      | Reached skill level 5 in Dodging
  5343 | D:6      | Reached skill level 1 in Evocations
  5385 | D:6      | Reached XP level 9. HP: 38/75 MP: 7/9
  5435 | D:6      | Identified a scroll of acquirement
  5436 | D:6      | Got a pair of jewelled boots
  5442 | D:6      | Identified the +1 pair of boots of Fedhas's Whim {Int+4} (You acquired it on level 6 of the Dungeon)
  5773 | D:7      | Received a gift from Nemelex Xobeh
  5840 | D:7      | Noticed a cyan ugly thing
  5850 | D:7      | Slain by a cyan ugly thing

Skill      XL: |  1  2  3  4  5  6  7  8 |
---------------+-------------------------+-----
Fighting       | 4 5 6 |  6.1
Shields        | 4 5 6 7 8 |  8.5
Armour         | 4 5 6 8 |  8.5
Dodging        | 1 2 3 4 5 |  5.2
Stealth        | 1 |  1.6
Short Blades   | 1 2 3 |  3.1
Throwing       | 1 |  1.1
Evocations     | 1 |  1.4
Axes           | |  2.6

Action                   |  1- 3 |  4- 6 |  7- 9 || total
-------------------------+-------+-------+-------++-------
Melee: War axe           |    14 |       |       ||    14
       Dagger            |    54 |   146 |   289 ||   489
       Headbutt          |    17 |    37 |    55 ||   109
Throw: Tomahawk          |       |     6 |     3 ||     9
Evoke: Deck              |       |     3 |     8 ||    11
  Use: Potion            |       |       |     4 ||     4
       Scroll            |       |       |    13 ||    13
  Eat: Chunk             |     1 |     1 |     7 ||     9
       Bread ration      |       |     1 |       ||     1
       Pizza             |       |       |     1 ||     1
       Meat ration       |       |       |     2 ||     2
Armor: Scale mail        |    26 |    48 |       ||    74
       Chain mail        |       |     9 |   136 ||   145
Dodge: Dodged            |    18 |    26 |    73 ||   117
Block: Shield            |    28 |    78 |   146 ||   252
